 Dungeon Crawl Stone Soup version 0.27-a0-1545-g3eddc1d3d3 (webtiles) character file.

Game seed: 10498277687929080957

78148 Kinoniko the Spry (level 15, 137/137 HPs)
             Began as a Purple Draconian Berserker on July 13, 2021.
             Was a High Priest of Trog.
             Quit the game on level 1 of the Shoals.
             The game lasted 00:30:01 (29618 turns).

Kinoniko the Spry (Purple Draconian Berserker)     Turns: 29618, Time: 00:30:02

Health: 137/137    AC: 20    Str: 22    XL:     15   Next: 17%
Magic:  5/5        EV: 19    Int:  7    God:    Trog [*****.]
Gold:   1308       SH: 14    Dex: 15    Spells: 14/14 levels left

rFire    + . .     SeeInvis +   E - +5 demon blade (antimagic)
rCold    + . .     Faith    .   V - +2 kite shield
rNeg     . . .     Spirit   .   (armour unavailable)
rPois    .         Reflect  .   B - +1 hat of the Crypt {rF+ Slay+3 SInv}
rElec    .         Harm     .   j - +2 cloak {Stlth+}
rCorr    .         Rampage  .   (no gloves)
Will     ++...                  D - +2 pair of boots
Stlth    +.........             o - amulet of magic regeneration
HPRegen  0.32/turn              S - +4 ring of protection
MPRegen  0.34/turn              N - ring of protection from cold

@: very slow
A: breathe power, AC +9, unfitting armour, cold-blooded
a: Breathe Dispelling Energy, Renounce Religion, Berserk, Trog's Hand, Brothers
in Arms


You were on level 1 of the Shoals.
You worshipped Trog.
Trog was extremely pleased with you.
You visited 4 branches of the dungeon, and saw 22 of its levels.
You also visited: Ossuary.

You collected 2355 gold pieces.
You spent 1047 gold pieces at shops.

Inventory:

Hand Weapons
 A - a +3 scimitar of flaming
 E - a +5 antimagic demon blade (weapon)
 G - the +10 dark maul {vorpal}
   (You took it off a two-headed ogre on level 10 of the Dungeon)

   It inflicts extra damage upon your enemies.
Missiles
 c - 12 boomerangs of dispersal (quivered)
 i - a throwing net
 t - 7 curare-tipped darts
Armour
 j - a +2 cloak of stealth (worn)
 r - a +0 buckler
 B - the +1 hat of the Crypt (worn) {rF+ Slay+3 SInv}
   (You acquired it on level 8 of the Dungeon)

   Slay:      It affects your accuracy & damage with ranged weapons and melee
   (+3).
   rF:        It protects you from fire.
   SInv:      It lets you see invisible.
 D - a +2 pair of boots (worn)
 V - a +2 kite shield (worn)
Jewellery
 a - a ring of ice
 d - a +6 ring of strength
 o - an amulet of magic regeneration (around neck)
 p - a +6 ring of strength
 w - a ring of fire
 y - a ring of positive energy
 z - a ring of positive energy
 F - a ring of protection from fire
 K - a ring of magical power
 N - a ring of protection from cold (right hand)
 R - a ring of ice
 S - a +4 ring of protection (left hand)
 T - a +4 ring of protection
Wands
 k - a wand of flame (43)
 C - a wand of charming (14)
 I - a wand of iceblast (19)
 M - a wand of mindburst (8)
Scrolls
 f - a scroll of vulnerability
 h - 2 scrolls of amnesia
 m - 2 scrolls of holy word
 s - a scroll of immolation
 H - a scroll of magic mapping
 J - 2 scrolls of teleportation
 L - a scroll of fear
 Q - 2 scrolls of identify
 X - a scroll of blinking
Potions
 b - 10 potions of curing
 e - 5 potions of brilliance
 g - 5 potions of resistance
 l - 4 potions of heal wounds
 n - 4 potions of might
 q - 4 potions of haste
 u - 3 potions of lignification
 v - 4 potions of flight
 x - a potion of attraction
 O - 2 potions of ambrosia
 P - a potion of magic
Miscellaneous
 U - a tin of tremorstones (2/2)


   Skills:
 * Level 13.8 Fighting
 - Level 16.0 Long Blades
 * Level 16.4 Dodging
 + Level 8.4 Shields


You had 14 spell levels left.
You didn't know any spells.
Your spell library was empty.

Dungeon Overview and Level Annotations

Branches:
Dungeon (13/15)            Temple (0/1) D:4            Lair (6/6) D:10
 Shoals (1/4) Lair:2       Spider (0/4) Lair:3        Slime (0/5) Lair:5
    Orc (2/2) D:11            Elf (0/3) Orc:2       Ossuary (visited)
 Vaults: D:13-14

Altars:
Cheibriados
Dithmenos
Fedhas
Hepliaklqana
Kikubaaqudgha
Makhleb
Nemelex Xobeh
Okawaru
Sif Muna
Trog
Wu Jian
Zin
Beogh

Shops:
D:7 [!:   D:10 !*   Orc:1 *   Orc:2 [*:(

Portals:
Trove: D:11 (give 17 scrolls of teleportation)

Annotations:
Shoals:1 Roxanne
Orc:1 1 transporter


Innate Abilities, Weirdness & Mutations

You can breathe bolts of dispelling energy.
Your rich purple scales are hard. (AC +9)
You cannot fit into any form of body armour.
You are cold-blooded and may be slowed by cold attacks.


Message History

The alligator snapping turtle is almost dead.
You block the alligator snapping turtle's attack.
You slash the alligator snapping turtle!
You kill the alligator snapping turtle!
Trog accepts your kill. Why would you want to do that?
You start resting.
You feel a strong urge to attack something.
You are no longer berserk.
You are exhausted.
You feel yourself slow down.
You start resting.
You feel yourself speed up.
You start resting.
You recover from your berserk rage.
You start resting.
You start resting.
You start resting.
HP restored.
You start waiting.
Done waiting.
You enter the shallow water.
Moving in this stuff is going to be slow.
Splash!
You fall into the shallow water.
Moving in this stuff is going to be slow.
Partly explored, can't reach some items and places.
Partly explored, can't reach some items and places.
Partly explored, can't reach some items and places.
Partly explored, can't reach some items and places.
Partly explored, can't reach some items and places.
As you read the scroll of enchant weapon, it crumbles to dust.
Your +3 antimagic demon blade glows red for a moment.
As you read the scroll of enchant weapon, it crumbles to dust.
Your +4 antimagic demon blade glows red for a moment.
Okay, then.
Okay, then.
Are you sure you want to abandon this character and quit the game? (Confirm with "yes".)
Okay, then.
Are you sure you want to abandon this character and quit the game? (Confirm with "yes".)

#≈≈≈≈≈≈≈≈....≈≈≈≈≈≈≈≈≈≈≈
#≈≈≈≈≈≈≈....≈≈≈≈≈≈≈≈≈≈≈≈
#≈≈≈≈≈≈≈.##.≈≈≈≈≈≈≈≈≈≈≈≈
#≈≈≈≈≈≈≈........≈≈..≈≈≈≈
#≈≈≈≈≈≈≈≈≈≈.....≈...≈≈≈≈
#≈≈≈≈≈≈≈≈≈≈.##.≈≈≈≈≈≈≈≈)
#≈≈≈≈≈≈≈≈≈≈....≈≈≈≈≈≈≈≈≈
#≈≈≈≈≈≈≈≈≈≈≈≈≈≈.PP≈≈≈≈≈≈
#≈≈≈≈≈≈@≈≈≈≈..≈≈P..≈≈≈≈.
#≈≈≈≈≈≈..≈≈≈..≈≈P≈≈≈≈≈≈.
#≈≈≈≈≈≈.P..≈..≈≈≈≈≈≈≈≈..
#≈≈≈≈≈P.P.#..≈≈≈≈≈≈≈≈≈..
#≈≈≈≈≈PP....P≈≈≈≈≈≈≈≈≈..
#≈≈≈≈≈PP.>.≈≈≈≈≈≈≈≈≈≈≈..
#≈≈≈≈≈PPP..≈≈≈≈≈≈≈≈>≈≈≈.
#≈≈≈≈≈≈P≈≈≈≈≈≈≈≈≈≈≈≈≈≈≈≈
≈≈≈P≈P≈≈≈≈P≈≈≈≈≈≈≈≈.


There were no monsters in sight!

Vanquished Creatures
  Kirke (Lair:5)
  A dire elephant (Lair:6)
  Snorg (Lair:3)
  2 merfolk javelineers (Shoals:1)
  Josephine (Lair:5)
  7 hydras
  6 two-headed ogres
  An alligator snapping turtle (Shoals:1)
  2 death knights
  3 catoblepae
  3 death yaks (Lair:6)
  A centaur warrior (D:13)
  A deep troll shaman (Lair:6)
  An orc high priest (Orc:1)
  2 skeletal warriors
  2 phantasmal warriors (D:13)
  A cyclops (Orc:1)
  An oklob plant (Lair:5)
  4 harpies (Shoals:1)
  4 orc knights
  2 fauns (Shoals:1)
  2 manticores (D:12)
  5 orc sorcerers
  4 black mambas
  2 gargoyles
  5 merfolk sirens
  25 elephants
  8 cane toads
  2 rime drakes
  3 unseen horrors
  2 freezing wraiths (D:12)
  An efreet (D:12)
  3 kobold demonologists (D:10)
  3 trolls
  10 komodo dragons
  2 polar bears
  4 merfolk (Shoals:1)
  A wind drake (Shoals:1)
  Prince Ribbit (D:8)
  4 blink frogs
  A snapping turtle (Shoals:1)
  11 dream sheep (Lair:5)
  A shadow (D:12)
  A spriggan (Lair:2)
  A water elemental (Shoals:1)
  7 wraiths
  4 wyverns
  43 yaks
  A hog (Lair:5)
  4 basilisks
  A vampire mosquito (D:12)
  5 wargs
  16 water moccasins
  2 acid dragons
  2 ice beasts
  A hornet zombie (D:5)
  17 orc warriors
  A black bear (Lair:6)
  8 ogres
  12 wolves
  3 centaurs
  13 kobold brigands
  7 bullfrogs
  A wyvern zombie (D:7)
  2 scorpions
  5 water moccasin zombies (Ossuary)
  21 killer bees
  6 wights
  An electric eel (Lair:1)
  5 howler monkeys
  3 centaur zombies
  A bullfrog zombie (D:3)
  A hound (D:6)
  3 jellies
  Crazy Yiuf (D:2)
  13 orc priests
  3 bullfrog skeletons
  3 iguanas (D:6)
  A centaur skeleton (D:5)
  14 orc wizards
  A killer bee zombie (D:7)
  2 mummies (Ossuary)
  A howler monkey zombie (D:7)
  5 adders
  A gnoll (D:8)
  2 shadow imps (D:10)
  2 white imps
  An adder skeleton (D:4)
  3 adder zombies (Ossuary)
  2 worms (D:2)
  2 dart slugs
  30 orcs
  5 ball pythons
  6 endoplasms
  5 giant cockroaches
  3 hobgoblins
  3 jackals (D:1)
  2 quokkas
  5 bats
  2 frilled lizards
  6 gnoll zombies (Ossuary)
  7 goblins
  6 hobgoblin zombies (Ossuary)
  36 kobolds
  8 kobold skeletons (D:10)
  13 kobold zombies
  5 orc zombies (Ossuary)
  8 rats
552 creatures vanquished.

Vanquished Creatures (collateral kills)
  An orc warlord (Orc:2)
  An orc high priest (Orc:2)
  An orc sorcerer (Orc:2)
  A blink frog (Lair:2)
  5 orc warriors (Orc:2)
  An ogre (Orc:2)
  An orc priest (Orc:2)
  A gnoll shaman (D:8)
  4 orc wizards (Orc:2)
  2 gnolls (D:8)
  An orc (Orc:2)
19 creatures vanquished.

Vanquished Creatures (others)
  A bush (Lair:6)
  A butterfly (Lair:5)
  46 fungi
  53 plants
101 creatures vanquished.

Grand Total: 672 creatures vanquished

Notes
Turn   | Place    | Note
-------+----------+-------------------------------------------
     0 | D:1      | Kinoniko the Draconian Berserker began the quest for the
                  | Orb.
     0 | D:1      | Reached XP level 1. HP: 19/19 MP: 1/1
   208 | D:1      | Reached XP level 2. HP: 26/26 MP: 2/2
   526 | D:1      | Reached ** piety under Trog
   672 | D:1      | Found a faded altar of an unknown god.
   837 | D:1      | Reached XP level 3. HP: 31/31 MP: 3/3
  1249 | D:2      | Found an ancient bone altar of Kikubaaqudgha.
  2073 | D:2      | Found a runed translucent door.
  2074 | D:2      | Noticed Crazy Yiuf
  2080 | D:2      | Killed Crazy Yiuf
  2081 | D:2      | Reached XP level 4. HP: 38/38 MP: 4/4
  2476 | D:3      | Reached skill level 5 in Long Blades
  2476 | D:3      | Reached XP level 5. HP: 43/45 MP: 5/5
  2851 | D:4      | Found a sparkling altar of Nemelex Xobeh.
  2885 | D:4      | Noticed an ogre
  2891 | D:4      | Killed an ogre
  2892 | D:4      | Reached XP level 6. HP: 51/51 MP: 6/6
  3057 | D:4      | Found a staircase to the Ecumenical Temple.
  3069 | D:4      | Found a sand-covered staircase.
  3076 | Ossuary  | Entered an ossuary
  3283 | Ossuary  | Reached *** piety under Trog
  3420 | Ossuary  | Your scales start taking on a rich purple colour.
  3420 | Ossuary  | Reached XP level 7. HP: 44/57 MP: 7/7
  3816 | D:4      | Found an ornate altar of the Wu Jian Council.
  4158 | D:4      | Reached skill level 5 in Dodging
  4643 | D:5      | Entered Level 5 of the Dungeon
  5501 | D:5      | Found a hazy altar of Hepliaklqana.
  5640 | D:5      | Reached XP level 8. HP: 50/63 MP: 8/8
  6117 | D:6      | Reached skill level 1 in Shields
  6325 | D:6      | Reached **** piety under Trog
  7293 | D:7      | Reached XP level 9. HP: 70/70 MP: 9/9
  7582 | D:7      | Found a blossoming altar of Fedhas.
  7585 | D:7      | Found a glowing silver altar of Zin.
  7588 | D:7      | Found a burning altar of Makhleb.
  7591 | D:7      | Found a shimmering blue altar of Sif Muna.
  7707 | D:7      | Found Polesm's Antique Armour Boutique.
  7708 | D:7      | Found Ziopuj's Distillery.
  7711 | D:7      | Found Atyes's Book Boutique.
  7749 | D:7      | Bought a potion of heal wounds for 80 gold pieces
  7968 | D:8      | Reached skill level 5 in Shields
  7989 | D:8      | Reached skill level 10 in Long Blades
  8704 | D:8      | Noticed Prince Ribbit
  8721 | D:8      | Killed Prince Ribbit
  8820 | D:8      | Found an iron altar of Okawaru.
  8862 | D:8      | Identified a scroll of acquirement
  8862 | D:8      | Acquired the +1 hat of the Crypt {rF+ Slay+3 SInv}
  9119 | D:8      | Reached XP level 10. HP: 77/77 MP: 10/10
  9994 | D:9      | Reached ***** piety under Trog
 10059 | D:9      | Found a shadowy altar of Dithmenos.
 10841 | D:10     | Entered Level 10 of the Dungeon
 10841 | D:10     | Found a staircase to the Lair.
 11052 | D:10     | Found Biweor's Assorted Antiques.
 11134 | D:10     | Found Sato's Distillery.
 11318 | D:10     | Received a gift from Trog
 11463 | D:10     | Found an ancient bone altar of Kikubaaqudgha.
 11594 | D:10     | Noticed a two-headed ogre
 11604 | D:10     | Killed a two-headed ogre
 11605 | D:10     | Reached XP level 11. HP: 82/82 MP: 3/11
 11659 | D:10     | Noticed a two-headed ogre
 11661 | D:10     | Noticed a two-headed ogre
 11666 | D:10     | Killed a two-headed ogre
 11670 | D:10     | Killed a two-headed ogre
 12075 | D:10     | Noticed an orc knight
 12081 | D:10     | Killed an orc knight
 12337 | D:10     | Received a gift from Trog
 12487 | D:11     | You fall into a shaft and drop 1 floor!
 12584 | D:12     | Noticed a skeletal warrior
 12596 | D:12     | Killed a skeletal warrior
 13095 | D:11     | Found a portal to a secret trove of treasure.
 13187 | D:11     | Noticed a four-headed hydra
 13196 | D:11     | Killed a two-headed hydra
 13286 | D:11     | Found a staircase to the Orcish Mines.
 13992 | Lair:1   | Entered Level 1 of the Lair of Beasts
 15422 | Lair:2   | Reached XP level 12. HP: 83/89 MP: 4/12
 15505 | Lair:2   | Reached skill level 15 in Long Blades
 15806 | Lair:2   | Found an iron altar of Okawaru.
 15885 | Lair:2   | Found a staircase to the Shoals.
 16227 | Lair:2   | Acquired a manual of Dodging
 16715 | Lair:3   | Noticed an eight-headed hydra
 16720 | Lair:3   | Killed an 11-headed hydra
 16859 | Lair:3   | Received a gift from Trog
 16866 | Lair:3   | Reached skill level 10 in Dodging
 17386 | Lair:3   | Noticed a four-headed hydra
 17397 | Lair:3   | Killed an 11-headed hydra
 17703 | Lair:3   | Found a hole to the Spider Nest.
 17829 | Lair:3   | Noticed Snorg
 17843 | Lair:3   | Killed Snorg
 17844 | Lair:3   | Reached skill level 5 in Fighting
 18051 | Lair:3   | Found an iron altar of Okawaru.
 18805 | Lair:4   | Noticed an eight-headed hydra
 18814 | Lair:4   | Killed a four-headed hydra
 18815 | Lair:4   | Reached XP level 13. HP: 104/104 MP: 5/13
 19174 | Lair:4   | Found an ornate altar of the Wu Jian Council.
 19863 | Lair:5   | Noticed Kirke
 19874 | Lair:5   | Killed Kirke
 20023 | Lair:5   | Found a snail-covered altar of Cheibriados.
 20135 | Lair:5   | Found a staircase to the Slime Pits.
 20598 | Lair:6   | Entered Level 6 of the Lair of Beasts
 20876 | Lair:6   | Noticed Josephine
 20890 | Lair:5   | Killed Josephine
 20891 | Lair:5   | Reached skill level 10 in Fighting
 21055 | Lair:6   | Received a gift from Trog
 21447 | Lair:6   | Reached XP level 14. HP: 122/122 MP: 4/14
 21760 | Lair:6   | Reached skill level 15 in Dodging
 24812 | Orc:1    | Entered Level 1 of the Orcish Mines
 24962 | Orc:2    | Entered Level 2 of the Orcish Mines
 25092 | Orc:2    | Found a staircase to the Elven Halls.
 25172 | Orc:2    | Received a gift from Trog
 25179 | Orc:2    | Noticed an orc warlord
 25219 | Orc:2    | HP: 3/129 [orc warlord (45)]
 25220 | Orc:2    | Killed an orc warlord
 25696 | Orc:2    | Found Qanaab's General Store.
 25716 | Orc:2    | Found Vizolew's Antique Armour Boutique.
 25729 | Orc:2    | Found Goentit's Book Boutique.
 25759 | Orc:2    | Found Imanep's Antique Weapon Boutique.
 25800 | Orc:2    | Found a burning altar of Makhleb.
 26138 | Orc:1    | Found Seriep's Gadget Gallery.
 26244 | Orc:1    | Noticed a stone giant
 26414 | Orc:1    | Found a transporter.
 26762 | Orc:1    | Found a bloodstained altar of Trog.
 26763 | Orc:1    | Found the necklace of Bloodlust {*Rage +Rage Will++ Int-3
                  | Slay+6}
 26842 | Orc:2    | Bought 2 potions of heal wounds for 150 gold pieces
 26842 | Orc:2    | Bought a tin of tremorstones (2/2) for 600 gold pieces
 26858 | Orc:2    | Bought a glowing kite shield for 217 gold pieces
 27054 | Shoals:1 | Entered Level 1 of the Shoals
 27168 | Shoals:1 | Reached XP level 15. HP: 108/136 MP: 5/15
 27320 | Shoals:1 | Identified Roxanne's Incunabulum of Shape Shifting
 27320 | Shoals:1 | Noticed Roxanne
 29618 | Shoals:1 | Quit the game

Illustrated notes

Levels and vault maps discovered:
D:1:      dpeg_arrival_stonehenge_8_columns, layout_basic,
          shapermc_ecumenical_altar_starsandcircs, corner_web_ring
D:2:      minmay_angry_zag, layout_basic, basic_altar, minmay_liquid_box,
          uniq_crazy_yiuf_cottage
D:3:      layout_basic
D:4:      layout_loops_corners, mainiacjoe_overflow_six_doors_small,
          lemuel_round_altar, minmay_temple_entry_overgrown, enter_ossuary_1,
          kennysheep_generic_room_15
D:5:      layout_basic, old_standard_altar, hangedman_decor_push, uniq_duvessa
D:6:      layout_loops_ring, hangedman_decor_riveting, grunt_tough_drop
D:7:      layout_basic, grunt_temple_overflow_cloverleaf,
          nicolae_wooded_promenade
D:8:      layout_basic, overflow_temple_1_default, uniq_prince_ribbit1
D:9:      layout_grid_maze, mainiacjoe_overflow_alcove_1
D:10:     wander_kiku_kobolds, layout_loops_ring, erik_lair_orcish_takeover,
          serial_shops, nicolae_stop_n_shop_2, shop,
          hellmonk_guarded_unrand_dark_maul
D:11:     layout_loops_cross, orc_0_dummy, enter_trove_3, grunt_decor_arrowhead,
          minmay_puff
D:12:     wad_arrow_thing, layout_gridville
D:13:     layout_irregular_city
Lair:1:   layout_layer_cave, grunt_megastairs_4, serial_bayou_shore_a,
          infiniplex_staircase_pool_2
Lair:2:   layout_roguey, minmay_shoals_entry_lonely_mermaid, basic_altar,
          grunt_forest_large_clearing_hut, grunt_megastairs_3
Lair:3:   layout_regular_city, dummy_spider_entry, basic_altar,
          infiniplex_staircase_pool, uniq_snorg
Lair:4:   layout_small_grid, basic_altar, serial_bayou_shore_b
Lair:5:   layout_regular_city, minmay_slime_entry_oklob_enclosed, basic_altar,
          grunt_megastairs_5, lemuel_fruit_fields, uniq_kirke
Lair:6:   grunt_lair_end_beastmaster, layout_concentric_octagons, uniq_josephine
Shoals:1: layout_shoals, uniq_roxanne
Orc:1:    emtedronai_trogs_sanctum, layout_caves, nicolae_shop_gadgets
Orc:2:    grunt_orc_cross, layout_diamond_mine, basic_altar

Skill      XL: |  1  2  3  4  5  6  7  8  9 10 11 12 13 14 |
---------------+-------------------------------------------+-----
Dodging        | 3 4 5 7 9 11 14 16 | 16.4
Long Blades    | 4 5 6 8 9 11 13 14 16 | 16.0
Shields        | 4 7 8 |  8.4
Fighting       | 6 10 13 | 13.8

Action                   |  1- 3 |  4- 6 |  7- 9 | 10-12 | 13-15 || total
-------------------------+-------+-------+-------+-------+-------++-------
Melee: Falchion          |   118 |    87 |   221 |       |       ||   426
       Tailslap          |    12 |    13 |    83 |   125 |   190 ||   423
       Scimitar          |       |       |   125 |   159 |       ||   284
       Demon blade       |       |       |       |   342 |   766 ||  1108
Invok: Berserk           |     1 |     4 |    14 |    23 |    24 ||    66
       Brothers in Arms  |       |       |     1 |       |     4 ||     5
       Trog's Hand       |       |       |       |       |     2 ||     2
 Abil: Breathe Dispellin |       |       |       |       |     2 ||     2
  Use: Scroll            |       |     2 |    12 |    11 |    12 ||    37
       Potion            |       |       |       |       |     7 ||     7
 Stab: Sleeping          |     2 |     4 |    10 |     5 |     3 ||    24
       Distracted        |       |       |     1 |       |     1 ||     2
Armor: Skin              |    37 |    22 |    90 |   103 |   156 ||   408
Dodge: Dodged            |    79 |    58 |   219 |   236 |   448 ||  1040
Block: Buckler           |       |       |    42 |   103 |   137 ||   282
       Kite shield       |       |       |       |       |    81 ||    81
       Rpst.: Falchion   |    31 |    13 |    47 |       |       ||    91
       Scimitar          |       |       |    20 |    18 |       ||    38
       Demon blade       |       |       |       |    34 |   114 ||   148

Table legend: (Time is in decaauts)
 A = Elapsed time spent in this place.
 B = Non-inter-level travel time spent in this place.
 C = Inter-level travel time spent in this place.
 D = Time resting spent in this place.
 E = Time spent auto-exploring this place.
 F = Levels seen in this place.
 G = Mean time per level.
                   A        B        C        D        E       F      G
               +--------+--------+--------+--------+--------+-----+--------+
         Total |  29853 |  28522 |   1331 |   8843 |  16630 |  23 | 1298.0 |
       Dungeon |  15703 |  14977 |    726 |   3726 |   9615 |  13 | 1207.9 |
          Lair |   8720 |   8378 |    342 |   2427 |   5188 |   6 | 1453.3 |
        Shoals |   2625 |   2625 |      0 |   1774 |    587 |   1 | 2625.0 |
  Orcish Mines |   2078 |   1816 |    262 |    505 |   1062 |   2 | 1039.0 |
       Ossuary |    725 |    725 |      0 |    409 |    177 |   1 |  725.0 |
               +--------+--------+--------+--------+--------+-----+--------+

Top non-repeatable levels by time:
Shoals:1: 2625 daAuts
     D:8: 1802 daAuts
  Lair:3: 1708 daAuts
    D:10: 1597 daAuts
  Lair:6: 1569 daAuts
    D:12: 1496 daAuts
  Lair:1: 1495 daAuts
  Lair:5: 1417 daAuts
     D:4: 1380 daAuts
    D:11: 1334 daAuts
     D:7: 1323 daAuts
   Orc:2: 1284 daAuts
  Lair:4: 1273 daAuts
  Lair:2: 1256 daAuts
     D:2: 1254 daAuts
